 Dungeon Crawl Stone Soup version 0.17-a0-1311-gbcbd859 (webtiles) character file.

653 Fluffy the Basher (level 7, -8/41 HPs)
             Began as a Gargoyle Fighter on June 8, 2015.
             Mangled by an ogre
             ... wielding a +0 giant club
              (9 damage)
             ... on level 4 of the Dungeon.
             The game lasted 00:06:27 (2852 turns).

Fluffy the Basher (Gargoyle Fighter)                Turns: 2852, Time: 00:06:27

Health: -8/41      AC: 15    Str: 19    XL:     7   Next: 54%
Magic:  16/16      EV:  7    Int:  9    God:
Gold:   133        SH:  9    Dex: 11    Spells: 0 memorised, 6 levels left

rFire  . . .     SeeInvis .     a - +0 flail
rCold  . . .     Clarity  .     b - +0 scale mail
rNeg   + . .     SustAt   .     c - +0 shield
rPois  ∞         Gourm    .     m - +2 helmet
rElec  +         Spirit   .     (no cloak)
rCorr  .         Warding  .     (no gloves)
rMut   .         Stasis   .     j - +0 pair of boots
MR     .....                    (no amulet)
Stlth  ..........               (no ring)
                                f - ring of magical power

@: not resistant to hostile enchantments, extremely unstealthy
A: negative energy resistance 1, electricity resistance, unbreathing,
petrification resistance, rot immunity, AC +4
a: no special abilities


You were on level 4 of the Dungeon.
You were not hungry.

You visited 1 branch of the dungeon, and saw 4 of its levels.

You collected 133 gold pieces.

Inventory:

Hand weapons
 a - a +0 flail (weapon)
Armour
 b - a +0 scale mail (worn)
 c - a +0 shield (worn)
 j - a +0 pair of boots (worn)
 m - a +2 helmet (worn)
Jewellery
 f - a ring of magical power (left hand)
Scrolls
 d - 2 scrolls of blinking {unknown}
 h - a scroll of remove curse
 i - a scroll of random uselessness {unknown}
 o - 2 scrolls of recharging {unknown}
 r - a scroll of noise {unknown}
 s - a scroll of magic mapping {unknown}
 u - a scroll of enchant weapon {unknown}
 v - 3 scrolls of identify {unknown}
 w - 2 scrolls of fog
 x - 2 scrolls of amnesia {unknown}
 y - a scroll of fear {unknown}
Potions
 k - a potion of lignification {unknown}
 l - a potion of curing
 n - a potion of cure mutation {unknown}
 p - a potion of heal wounds {unknown}
 t - a potion of poison {unknown}
Comestibles
 e - 4 bread rations
 g - a slice of pizza
 q - 4 fruits


   Skills:
 + Level 3.3 Fighting
 + Level 8.2 Maces & Flails
 + Level 3.2 Armour
 + Level 3.3 Shields


You had 6 spell levels left.
You didn't know any spells.

Dungeon Overview and Level Annotations

Branches:
Dungeon (4/15)
 Temple: D:4-7

Altars:


Innate Abilities, Weirdness & Mutations

You are resistant to torment.
Your stone body is resilient (AC +4).
You are immune to poison.
You resist negative energy.
You are resistant to electric shocks.
You can survive without breathing.
You are immune to petrification.
You are immune to rotting.


Message History

The ogre is moderately wounded.
You hit the ogre.
The ogre is moderately wounded.
The ogre hits you with a giant club.
You barely miss the ogre.
The ogre is moderately wounded.
The ogre hits you with a giant club!
You sock the ogre!
The ogre is severely wounded.
You block the ogre's attack.
You hit the ogre but do no damage.
The ogre is severely wounded.
You barely miss the ogre.
The ogre is severely wounded.
The ogre hits you with a giant club!
* * * LOW HITPOINT WARNING * * *
You sock the ogre!
The ogre is almost dead.
The ogre hits you with a giant club!
You die...

..# #.# #.# #####.#
###...#.#####
#.###.#.##... # #.#
#>....... ....######
#.# ###.#....
......O@.# #.# #.#.#.#
##...###.# #.#
###...... ## #.# #.#
#........
#..###.###.###.###.#.#
#.......##.....# #.#.#
##.###..######## #.#.#
#.(# #.#.# #..# ##.#.#
#..#########.....


You could see an ogre.

Vanquished Creatures
  An ogre (D:3)
  2 phantoms (D:4)
  A giant frog (D:4)
  An orc priest (D:3)
  3 orc wizards (D:3)
  2 worker ants (D:4)
  Natasha (thrice) (D:2)
  4 adders
  3 worms
  4 giant geckos
  8 orcs
  2 ball pythons
  6 bats
  4 giant cockroaches
  7 hobgoblins
  3 jackals (D:2)
  3 kobolds
  2 quokkas
  3 giant newts
  8 goblins
  4 rats
74 creatures vanquished.

Notes
Turn   | Place    | Note
--------------------------------------------------------------
     0 | D:1      | Fluffy the Gargoyle Fighter began the quest for the Orb.
     0 | D:1      | Reached XP level 1. HP: 14/14 MP: 1/1
   301 | D:1      | Reached XP level 2. HP: 14/19 MP: 2/2
   680 | D:2      | Noticed Natasha
   688 | D:2      | Killed Natasha
   688 | D:2      | Reached XP level 3. HP: 4/23 MP: 3/3
   956 | D:2      | Noticed Natasha
  1245 | D:2      | Killed Natasha
  1308 | D:2      | Reached skill level 4 in Maces & Flails
  1403 | D:2      | Reached XP level 4. HP: 28/28 MP: 4/4
  1501 | D:2      | Noticed Natasha
  1504 | D:2      | Killed Natasha
  1844 | D:3      | Noticed an ogre
  1859 | D:3      | Killed an ogre
  1859 | D:3      | Reached skill level 5 in Maces & Flails
  1859 | D:3      | Reached XP level 5. HP: 6/32 MP: 5/5
  1871 | D:3      | Reached skill level 6 in Maces & Flails
  1871 | D:3      | Reached XP level 6. HP: 9/37 MP: 6/6
  2571 | D:4      | Reached skill level 7 in Maces & Flails
  2603 | D:4      | Reached XP level 7. HP: 27/41 MP: 7/7
  2774 | D:4      | Reached skill level 8 in Maces & Flails
  2851 | D:4      | HP: 1/41 [ogre/giant club (14)]
  2852 | D:4      | Mangled by an ogre

Vault maps used:
D:1:      dpeg_arrival_tiny_e
D:2:      first_bread, uniq_natasha
D:4:      kennysheep_little_box, bloody_makhleb, temple_green

Action                   |  1- 3 |  4- 6 |  7- 9 || total
-------------------------+-------+-------+-------++-------
Melee: Flail             |   102 |   158 |    76 ||   336
  Use: Scroll            |       |     2 |       ||     2
       Potion            |       |     2 |       ||     2
  Eat: Chunk             |     2 |     3 |     2 ||     7
